 Dungeon Crawl Stone Soup version 0.29-a0-297-g7659ce593d (webtiles) character file.

Game seed: 11956044270023745442

497 Colgate the Sneak (level 6, -9/28 HPs)
             Began as a Spriggan Enchanter on Mar 22, 2022.
             Was an Initiate of Dithmenos.
             Killed from afar by Dowan (14 damage)
             ... with a stone arrow
             ... on level 4 of the Dungeon.
             The game lasted 00:18:36 (9265 turns).

Colgate the Sneak (Spriggan Enchanter)              Turns: 9265, Time: 00:18:36

Health: -9/28      AC:  3    Str:  4    XL:     6   Next: 93%
Magic:  2/11       EV: 17    Int: 19    God:    Dithmenos [......]
Gold:   145        SH:  0    Dex: 15    Spells: 3/11 levels left

rFire   . . .      SeeInvis +   a - +2 dagger (venom)
rCold   . . .      Faith    .   (no shield)
rNeg    . . .      Spirit   .   b - +0 robe
rPois   +          Reflect  .   (helmet restricted)
rElec   .          Harm     .   r - +0 cloak
rCorr   .          Rampage  .   (gloves unavailable)
Will    +....                   (boots unavailable)
Stlth   ++++......              (no amulet)
HPRegen 0.09/turn               i - ring of poison resistance
MPRegen 0.12/turn               (no ring)

@: very quick
A: very small, no large weapons, unfitting armour, see invisible, speed 3
a: Renounce Religion


You were on level 4 of the Dungeon.
You worshipped Dithmenos.
Dithmenos was noncommittal.
You visited 2 branches of the dungeon, and saw 5 of its levels.

You collected 208 gold pieces.
You spent 63 gold pieces at shops.

Inventory:

Hand Weapons
 a - a +2 dagger of venom (weapon)
 t - a +3 dagger
Armour
 b - a +0 robe (worn)
 r - a +0 cloak (worn)
Jewellery
 i - a ring of poison resistance (left hand)
Wands
 u - a wand of paralysis (7)
Scrolls
 d - 2 scrolls of identify {unknown}
 e - a scroll of enchant armour {unknown}
 k - a scroll of magic mapping {unknown}
 l - a scroll of noise
 n - a scroll of immolation {unknown}
 v - a scroll of brand weapon {unknown}
Potions
 c - 2 potions of invisibility
 f - a potion of lignification {unknown}
 g - a potion of haste {unknown}
 h - 3 potions of attraction {unknown}
 j - 2 potions of heal wounds {unknown}
 m - 2 potions of might {unknown}
 o - a potion of brilliance {unknown}
 p - a potion of degeneration {unknown}
 q - 2 potions of curing {unknown}
 s - a potion of mutation {unknown}


   Skills:
 - Level 3.1 Short Blades
 - Level 2.6 Dodging
 + Level 7.8 Stealth
 - Level 3.0 Spellcasting
 - Level 7.1 Hexes


You had 3 spell levels left.
You knew the following spells:

 Your Spells              Type           Power      Damage    Failure   Level
a - Ensorcelled Hibernat  Hex/Ice        32%        N/A       5%          2
b - Tukima's Dance        Hex            30%        N/A       2%          3
c - Confusing Touch       Hex            30%        N/A       2%          3

Your spell library contained the following spells:

 Spells                   Type           Power      Damage    Failure   Level
 Dazzling Flash           Conj/Hex       32%        N/A       11%         3
 Beastly Appendage        Tmut           4%         N/A       16%         1
 Pain                     Necr           8%         1d4       16%         1
 Wereblood                Tmut           2%         N/A       22%         2
 Spider Form              Tmut/Pois      2%         N/A       41%         3
 Agony                    Necr           2%         N/A       99%         5
 Excruciating Wounds      Necr           1%         N/A       99%         5


Dungeon Overview and Level Annotations

Branches:
Dungeon (4/15)             Temple (1/1) D:4

Altars:
Ashenzari
Cheibriados
Dithmenos
Elyvilon
Fedhas
Gozag
Hepliaklqana
Kikubaaqudgha
Makhleb
Nemelex Xobeh
Okawaru
Qazlal
Ru
Sif Muna
Trog
Uskayaw
Vehumet
Wu Jian
Xom
Yredelemnul
Zin

Shops:
D:1 [   D:3 :

Annotations:
D:4 Dowan


Innate Abilities, Weirdness & Mutations

You are very small and have problems with some larger weapons.
You are too small for most types of armour.
You have supernaturally acute eyesight. (SInv)
You cover ground extremely quickly. (Speed+++)


Message History

You hit Duvessa.
Duvessa is poisoned.
Duvessa barely misses you.
The orc wizard gestures wildly while chanting.
The orc wizard flickers and vanishes for a moment.
You hit Duvessa.
Your +0 short sword hits Duvessa.
Dowan casts a spell.
Dowan blinks!
Your +0 short sword hits Duvessa but does no damage.
You hit Duvessa.
Duvessa looks even sicker.
You hit Duvessa.
Duvessa looks as sick as possible!
Your +0 short sword hits Duvessa but does no damage.
Aiming: Ensorcelled Hibernation (safe; 5% risk of failure)
Aim: Dowan, wielding a +0 dagger and wearing a +0 robe (chance to affect: 50%) Dowan resists with some effort.
Your +0 short sword hits Duvessa.
Dowan hits you with a +0 dagger.
Duvessa barely misses your +0 short sword.
You don't have enough magic to cast this spell.
Unknown command.
You closely miss Dowan.
Your +0 short sword barely misses Duvessa.
You closely miss Dowan.
You kill Duvessa!
Dithmenos accepts your kill.
Dowan's eyes darken. "You have made a black mistake."
Dowan seems to find hidden reserves of power!
Dowan barely misses you. Dowan hits you with a +0 dagger.
Your Stealth skill increases to level 7!
You barely miss Dowan.
The orc wizard hits your +0 short sword with a +0 dagger.
Dowan closely misses you.
You hit Dowan but do no damage. Dowan hits you with a +0 dagger.
You completely miss Dowan.
Your +0 short sword falls from the air.
Dowan gestures at you while chanting. The shard of ice hits you!!
Ouch! That really hurt!
* * * LOW HITPOINT WARNING * * *
Dowan points at you and mumbles some strange words.
The stone arrow hits you!
Ouch! That really hurt!
You die...

'###.....####'###..##.o'........#
......#†####...##..##..#....#####
......'...#............#....#..#♣
......P...#............#....#..#≈
.....##.#############..#....#..#≈
....P#...#..........##'#....#..##
.......>..........[.........#..##
.....#...#..................###..
.....##.##'....e@o...............
......P.P.#......................
..........#..<.###'###'#.........
###########....#....'..#.........
#....#....#..#....#####
#....######..#....#..#.
#.........#..#....#..#.
#.........#..#....#'###
#.........##'#.........


You could see Dowan (fast) and an orc wizard (invisible).

Vanquished Creatures
  Duvessa (D:4)
  An orc priest (D:3)
  An iguana (D:4)
  Natasha (thrice) (D:3)
  An orc wizard (Temple)
  3 adders
  2 gnolls (D:4)
  A worm (D:2)
  A dart slug (D:2)
  2 orcs (D:3)
  12 ball pythons
  5 bats
  7 endoplasms
  2 giant cockroaches
  5 goblins
  4 hobgoblins
  8 jackals
  7 kobolds
  A quokka (D:4)
  3 frilled lizards
  3 rats
73 creatures vanquished.

Vanquished Creatures (collateral kills)
  Edmund (D:4)
1 creature vanquished.

Vanquished Creatures (others)
  A dancing weapon (D:4)
  5 plants (D:4)
6 creatures vanquished.

Grand Total: 80 creatures vanquished

Notes
Turn   | Place    | Note
-------+----------+-------------------------------------------
     0 | D:1      | Colgate the Spriggan Enchanter began the quest for the Orb.
     0 | D:1      | Reached XP level 1. HP: 9/9 MP: 5/5
   278 | D:1      | Reached XP level 2. HP: 13/13 MP: 6/6
   294 | D:1      | Learned a level 2 spell: Ensorcelled Hibernation
   385 | D:1      | Reached skill level 5 in Stealth
   966 | D:1      | You fall into a shaft and drop 1 floor!
  1070 | D:1      | Found Cehin's Armour Emporium.
  1428 | D:1      | Found Cehin's Armour Emporium.
  2282 | D:2      | Reached XP level 3. HP: 11/16 MP: 2/8
  2286 | D:2      | Learned a level 3 spell: Tukima's Dance
  4257 | D:3      | Noticed Natasha
  4260 | D:3      | Killed Natasha
  4261 | D:3      | Reached XP level 4. HP: 21/21 MP: 9/9
  4317 | D:3      | Found Koytylif's Book Shoppe.
  4825 | D:3      | Noticed Natasha
  4831 | D:3      | Killed Natasha
  4832 | D:3      | Reached skill level 5 in Hexes
  4860 | D:3      | Learned a level 3 spell: Confusing Touch
  5751 | D:3      | Noticed Natasha
  5810 | D:3      | Found Koytylif's Book Shoppe.
  5835 | D:3      | Killed Natasha
  5836 | D:3      | Reached XP level 5. HP: 12/24 MP: 3/10
  6468 | D:1      | Bought a +0 cloak for 63 gold pieces
  6559 | D:4      | Found a staircase to the Ecumenical Temple.
  6579 | Temple   | Entered the Ecumenical Temple
  6885 | Temple   | Became a worshipper of Dithmenos the Shadowed
  7281 | D:4      | Noticed Edmund
  7304 | D:4      | Killed Edmund
  7305 | D:4      | Reached XP level 6. HP: 28/28 MP: 2/11
  7477 | D:4      | Noticed Duvessa
  7477 | D:4      | Noticed Dowan
  9262 | D:4      | Killed Duvessa
  9265 | D:4      | Killed from afar by Dowan

Illustrated notes

Levels and vault maps discovered:
D:1:      dpeg_arrival_boxes_within_box, layout_basic, serial_shops, shop,
          grunt_decor_arrowhead, minmay_hexomino_p4
D:2:      layout_basic, minmay_statues_item, dk_noncrumbling_3
D:3:      cheibrodos_helix_gallery, layout_basic, serial_shops, shop,
          corexii_hall_statues_i, uniq_natasha
D:4:      layout_gridville, minmay_temple_entry_gardened_gates,
          saegor_snake_ambush, uniq_edmund, uniq_duvessa
Temple:   nicolae_temple_the_god_donut

Skill      XL: |  1  2  3  4  5  6 |
---------------+-------------------+-----
Short Blades   | 2 3 |  3.1
Stealth        | 5 6 7 |  7.8
Hexes          | 4 5 7 |  7.1
Spellcasting   | 3 |  3.0
Dodging        | |  2.6

Action                   |  1- 3 |  4- 6 || total
-------------------------+-------+-------++-------
Melee: Dagger            |    69 |    61 ||   130
       Punch             |       |     1 ||     1
 Cast: Ensorcelled Hiber |    32 |    56 ||    88
       Tukima's Dance    |       |     6 ||     6
       Confusing Touch   |       |     3 ||     3
  Use: Scroll            |     3 |       ||     3
 Stab: Sleeping          |    26 |    34 ||    60
Armor: Robe              |     7 |     5 ||    12
Dodge: Dodged            |    51 |    59 ||   110

Table legend: (Time is in decaauts)
 A = Elapsed time spent in this place.
 B = Non-inter-level travel time spent in this place.
 C = Inter-level travel time spent in this place.
 D = Time resting spent in this place.
 E = Time spent auto-exploring this place.
 F = Levels seen in this place.
 G = Mean time per level.
                   A        B        C        D        E       F      G
               +--------+--------+--------+--------+--------+-----+--------+
         Total |   6564 |   6040 |    524 |    412 |   4664 |   5 | 1312.8 |
       Dungeon |   6348 |   5831 |    517 |    412 |   4471 |   4 | 1587.0 |
        Temple |    216 |    209 |      7 |      0 |    192 |   1 |  216.0 |
               +--------+--------+--------+--------+--------+-----+--------+

Top non-repeatable levels by time:
     D:3: 2367 daAuts
     D:1: 1619 daAuts
     D:2: 1298 daAuts
     D:4: 1062 daAuts
  Temple: 216 daAuts
